 Dungeon Crawl Stone Soup version 0.28-a0-439-g4cf4cd4993 (webtiles) character file.

Game seed: 18014534606603654073

37 Conn the Firebug (level 3, -5/21 HPs)
             Began as an Octopode Fire Elementalist on Sept 11, 2021.
             Slain by a kobold (7 damage)
             ... on level 2 of the Dungeon.
             The game lasted 00:04:01 (1799 turns).

Conn the Firebug (Octopode Fire Elementalist)       Turns: 1799, Time: 00:04:02

Health: -5/21      AC:  1    Str:  7    XL:     3   Next: 41%
Magic:  3/6        EV: 13    Int: 18    God:
Gold:   100        SH:  0    Dex: 12    Spells: 2/6 levels left

rFire   . . .      SeeInvis .   c - +0 short sword
rCold   . . .      Faith    .   (no shield)
rNeg    . . .      Spirit   .   (helmet restricted)
rPois   .          Reflect  .   (no amulet)
rElec   .          Harm     .   (no ring)
rCorr   .          Rampage  .   (no ring)
Will    .....                   (no ring)
Stlth   ++........              (no ring)
HPRegen 0.07/turn               (no ring)
MPRegen 0.10/turn               (no ring)
                                (no ring)
                                (no ring)

@: silenced, weak-willed
A: almost no armour, amphibious, 8 rings, camouflage 1, gelatinous body 1,
(nimble swimmer 1), tentacles
a: no special abilities


You were on level 2 of the Dungeon.
You visited 1 branch of the dungeon, and saw 2 of its levels.

You collected 100 gold pieces.

Inventory:

Hand Weapons
 c - a +0 short sword (weapon)
Scrolls
 b - a scroll of identify


   Skills:
 + Level 0.4 Short Blades
 + Level 2.1 Dodging
 + Level 3.1 Stealth
 + Level 0.1 Unarmed Combat
 + Level 2.1 Spellcasting
 + Level 1.4 Conjurations
 + Level 3.6 Fire Magic


You had 2 spell levels left.
You knew the following spells:

 Your Spells              Type           Power      Damage    Failure   Level
a - Foxfire               Conj/Fire      44%        2x1d6     6%          1
b - Conjure Flame         Conj/Fire      11%        6-21      19%         3

Your spell library contained the following spells:

 Spells                   Type           Power      Damage    Failure   Level
 Scorch                   Fire           30%        2d6       6%          2
 Inner Flame              Hex/Fire       8%         N/A       26%         3
 Flame Wave               Conj/Fire      11%        3d4       52%         4


Dungeon Overview and Level Annotations

Branches:
Dungeon (2/15)

Altars:

Shops:
D:1 [[!*

Annotations:
D:2 Sigmund


Innate Abilities, Weirdness & Mutations

You cannot wear most types of armour.
You are amphibious.
You can wear up to eight rings at the same time.
Your skin changes colour to match your surroundings (Stealth+).
Your rubbery body absorbs attacks. (AC +1, EV +1)
((You are camouflaged near water. (Stealth+)))
You have tentacles for arms and can constrict up to eight enemies at once.


Message History

A hobgoblin comes into view.
A rat comes into view.
Sigmund gestures wildly while chanting.
Sigmund flickers and vanishes!
Deactivating autopickup; reactivate with Ctrl-A.
The rat misses you.
A puff of flame appears from out of thin air!
The puff of flame hits you!
* * * LOW HITPOINT WARNING * * *
The rat completely misses you. The rat bites you but does no damage.
A ball python comes into view.
The rat twitches its whiskers.
You aren't carrying any potions.
Unknown command.
Blink to where?
Press: ? - help, Dir - move target A goblin comes into view.
It is wielding a +0 club.
As you read the scroll of blinking, it crumbles to dust.
The helpless ball python fails to defend itself.
You hit the ball python.
You kill the ball python!
As you read the scroll labelled NORAGHIDWO, it crumbles to dust.
The goblin shouts!
Magic quickly surges around you.
It was a scroll of vulnerability.
A ball python comes into view.
You aren't carrying any potions.
As you read the scroll labelled VUXTOTHRILO, it crumbles to dust.
A profound silence engulfs you.
It was a scroll of silence.
The hobgoblin completely misses you.
Unknown command.
You hit the hobgoblin. You grab the hobgoblin.
The hobgoblin is almost dead.
You constrict the hobgoblin.
You kill the hobgoblin!
You hit the kobold. Your grab misses the kobold.
The kobold is heavily wounded.
The goblin closely misses you.
The kobold hits you with a +0 long sword!
You die...

##.......# #)#.# #
.......{.#### #.#.#
............# #.#
............# #.#
............# #.# .
.#####.....# #.# ...
#.....# #.#
.....######.######.#
.....Sg@Kr.......#.#
##################.#
# #.# # #.#.# #
#.#.#.. #.#.#..
#.#.#.# #.#.# .
#.#.# #


You could see a goblin (weak-willed), a ball python, a kobold (weak-willed) and
a rat (weak-willed).

Vanquished Creatures
  A dart slug (D:2)
  2 bats (D:1)
  4 endoplasms
  3 giant cockroaches
  3 goblins
  3 hobgoblins
  2 jackals (D:1)
  2 quokkas (D:1)
  4 ball pythons
  2 frilled lizards (D:2)
  3 kobolds
  2 rats (D:1)
31 creatures vanquished.

Vanquished Creatures (others)
  81 foxfires
81 creatures vanquished.

Grand Total: 112 creatures vanquished

Notes
Turn   | Place    | Note
-------+----------+-------------------------------------------
     0 | D:1      | Conn the Octopode Fire Elementalist began the quest for the
                  | Orb.
     0 | D:1      | Reached XP level 1. HP: 11/11 MP: 3/3
    84 | D:1      | Reached XP level 2. HP: 2/17 MP: 0/5
   445 | D:1      | Found Zuvionko's Armour Shop.
   446 | D:1      | Found Ludop's Antique Armour Shop.
   780 | D:1      | Found a faded altar of an unknown god.
   826 | D:1      | Found Zowo's General Store.
   954 | D:1      | Found Guffaoxea's Distillery.
  1550 | D:2      | Reached XP level 3. HP: 21/21 MP: 4/6
  1554 | D:2      | Learned a level 3 spell: Conjure Flame
  1751 | D:2      | Noticed Sigmund
  1788 | D:2      | HP: 1/21 [something/puff of flame (9)]
  1799 | D:2      | Slain by a kobold

Illustrated notes

Levels and vault maps discovered:
D:1:      amcnicky_arrival_flooded_fountain, layout_basic, serial_shops,
          nicolae_shop_crystal, nicolae_square_shop, shop_statue, shop,
          basic_ecumenical_altar
D:2:      layout_basic, uniq_sigmund

Skill      XL: |  1  2  3 |
---------------+----------+-----
Stealth        | 3 |  3.1
Short Blades   | |  0.4
Dodging        | |  2.1
Unarmed Combat | |  0.1
Spellcasting   | |  2.1
Conjurations   | |  1.4
Fire Magic     | |  3.6

Action                   || total
-------------------------++-------
Melee: Unarmed           ||    10
       Constrict         ||     5
       Short sword       ||    12
 Cast: Foxfire           ||    47
  Use: Scroll            ||     4
 Stab: Sleeping          ||     3
Armor: Skin              ||     5
Dodge: Dodged            ||    23

Table legend: (Time is in decaauts)
 A = Elapsed time spent in this place.
 B = Non-inter-level travel time spent in this place.
 C = Inter-level travel time spent in this place.
 D = Time resting spent in this place.
 E = Time spent auto-exploring this place.
 F = Levels seen in this place.
 G = Mean time per level.
                   A        B        C        D        E       F      G
               +--------+--------+--------+--------+--------+-----+--------+
         Total |   1799 |   1799 |      0 |      0 |   1437 |   2 |  899.5 |
       Dungeon |   1799 |   1799 |      0 |      0 |   1437 |   2 |  899.5 |
               +--------+--------+--------+--------+--------+-----+--------+

Top non-repeatable levels by time:
     D:1: 1498 daAuts
     D:2: 300 daAuts
